Map: [ESL] Data-C

Players

Reynor

  • Race: Zerg Zerg
  • Spawn Location: 3:00

Elazer - Winner!

  • Race: Zerg Zerg
  • Spawn Location: 9:00

Event: DreamHack SC2 Masters 2022 Atlanta (Online)

VOD

Have the link to the VOD?

Description

Time

  • Played on: Oct. 9, 2022, 11:58 a.m.
  • Length: 7:25

All games in this series

Show
View Real Time Build Order
Export as new Build Order

Reynor Zerg 

Build Orders: Hatch First 

Get SALT Encoding   

  12  0:00  Drone  
  13  0:12  Overlord  
  13  0:17  Drone  
  14  0:30  Drone x2  
  16  0:48  Hatchery  
  15  0:51  Drone  
  15  0:54  Drone  
  17  0:58  Drone  
  18  1:08  Extractor  
  17  1:14  Spawning Pool  
  17  1:16  Drone  
  17  1:20  Drone  
  18  1:27  Drone  
  19  1:38  Drone  
  20  1:49  Drone  
  21  2:00  Queen, Overlord  
  21  2:01  Zergling x2, Queen  
  26  2:09  Metabolic Boost  
  26  2:11  Drone  
  26  2:12  Drone  
  28  2:21  Drone  
  28  2:22  Drone  
  30  2:32  Zergling x2  
  31  2:38  Hatchery  
  31  2:39  Drone  
  31  2:43  Drone  
  32  2:47  Baneling Nest  
  32  2:49  Drone  
  32  2:54  Overlord  
  32  2:58  Drone  
  33  3:04  Drone  
  34  3:06  Drone  
  34  3:09  Drone  
  36  3:14  Zergling x6  
  36  3:16  Overlord  
  36  3:19  Drone  
  41  3:20  Drone  
  41  3:22  Drone  
  42  3:27  Evolution Chamber  
  42  3:33  Drone x2  
  43  3:34  Queen  
  43  3:40  Overlord  
  44  3:41  Baneling  
  44  3:42  Drone  
  44  3:46  Drone x2  
  47  3:49  Overlord  
  47  3:54  Drone x3  
  50  3:57  Baneling  
  50  3:58  Zergling x2  
  51  4:04  Drone x2  
  51  4:06  Overlord  
  51  4:08  Drone  
  54  4:16  Drone, Roach Warren  
  54  4:17  Drone  
  54  4:18  Drone  
  54  4:19  Drone  
  54  4:21  Drone  
  57  4:25  Drone, Extractor  
  57  4:26  Drone, Extractor  
  57  4:28  Overlord  
  57  4:31  Drone  
  57  4:33  Zergling x2  
  57  4:38  Queen  
  59  4:39  Zergling x2  
  59  4:42  Overlord  
  62  4:48  Zergling x6  
  62  4:50  Overlord  
  64  4:53  Zergling x10  
  64  4:56  Zergling x6  
  67  5:02  Roach  
  67  5:06  Roach  
  64  5:08  Roach  
  64  5:12  Roach  
  65  5:15  Queen, Roach  
  65  5:17  Spine Crawler  
  65  5:18  Roach  
  65  5:21  Baneling x4  
  70  5:24  Roach  
  70  5:25  Roach  
  70  5:27  Roach  
  76  5:29  Roach  
  76  5:31  Roach  
  77  5:36  Roach  
  77  5:40  Zergling x2, Roach x2  
  77  5:47  Roach x2  
  77  5:48  Zergling x4  
  74  5:52  Zergling x2, Roach  
  71  5:58  Roach  
  71  5:59  Queen  
  71  6:03  Zergling x2, Roach  
  67  6:08  Queen  
  67  6:10  Roach  
  67  6:13  Roach  
  67  6:14  Zergling x2  
  65  6:19  Roach  
  65  6:25  Roach x2  
  64  6:29  Queen  
  60  6:34  Zergling x2, Roach x2  
  60  6:35  Zergling x2  
  60  6:39  Zergling x2, Roach  
  61  6:44  Roach  
  59  6:49  Zergling x4  
  59  6:52  Roach  
  57  6:57  Roach  
  57  6:59  Zergling x2  
  51  7:03  Roach  
  51  7:07  Zergling x4  
  51  7:08  Zergling x2  
Show
View Real Time Build Order
Export as new Build Order

Elazer Zerg - Winner!

Build Orders: Hatch First 

Get SALT Encoding   

  12  0:00  Drone  
  13  0:11  Overlord  
  13  0:16  Drone  
  14  0:30  Drone x2  
  16  0:47  Hatchery  
  15  0:50  Drone  
  15  0:54  Drone  
  17  0:57  Drone  
  18  1:08  Extractor  
  17  1:13  Spawning Pool  
  17  1:16  Drone  
  17  1:19  Drone  
  18  1:27  Drone  
  19  1:38  Drone  
  20  1:49  Drone  
  21  1:59  Queen x2  
  21  2:00  Zergling x2  
  21  2:01  Overlord  
  26  2:09  Metabolic Boost  
  26  2:10  Drone x2  
  28  2:20  Drone  
  28  2:21  Drone  
  30  2:33  Hatchery  
  29  2:38  Zergling x2  
  29  2:39  Drone  
  29  2:44  Drone x2  
  33  2:49  Baneling Nest  
  32  2:55  Overlord  
  32  2:56  Drone  
  33  3:04  Drone x2  
  35  3:07  Overlord  
  35  3:08  Drone  
  36  3:14  Zergling x4  
  36  3:17  Queen  
  40  3:21  Zergling x4  
  40  3:23  Drone  
  40  3:26  Drone  
  44  3:27  Drone  
  46  3:34  Drone  
  46  3:39  Drone x5  
  51  3:41  Drone  
  51  3:44  Overlord  
  51  3:46  Drone  
  51  3:48  Drone  
  54  3:55  Roach Warren  
  53  3:57  Extractor  
  53  3:59  Drone x3  
  53  4:02  Overlord  
  55  4:06  Overlord  
  55  4:09  Baneling  
  55  4:10  Zergling x4, Baneling  
  55  4:12  Zergling x2  
  55  4:15  Zergling x4  
  60  4:17  Overlord  
  60  4:21  Overlord  
  60  4:36  Roach x4  
  72  4:38  Roach x3  
  76  4:45  Roach  
  76  4:46  Roach x3  
  76  4:56  Roach x3  
  76  4:59  Zergling x2  
  84  5:00  Zergling x6  
  84  5:05  Zergling x6  
  84  5:09  Zergling x4  
  84  5:13  Zergling x2  
  84  5:14  Zergling x2  
  85  5:20  Zergling x4  
  87  5:22  Baneling x3  
  87  5:26  Zergling x8  
  91  5:33  Zergling x6  
  91  5:37  Baneling  
  91  5:40  Ravager  
  86  5:43  Zergling x6  
  86  5:49  Zergling x6  
  88  5:55  Zergling x10  
  86  5:59  Zergling x8  
  86  6:09  Zergling x6  
  76  6:21  Roach  
  76  6:22  Roach x4  
  82  6:27  Roach x5  
  89  6:34  Zergling x8  
  89  6:38  Zergling x2  
  92  6:44  Zergling x10  
  92  6:55  Zergling x10, Roach  
  92  6:59  Zergling x2  
  88  7:12  Ravager  
  92  7:19  Ravager  
Tags
 
Add a new tag
Caveats
  • Supply blocks, unpowered buildings, or Contaminate may cause inaccurate times.
  • Supply counts are checked every 10 seconds.